 Dungeon Crawl Stone Soup version 0.27.0-1-g7a089689b8 (webtiles) character file.

Game seed: 15600245014783614975

4 SnakkuSnakku7 the Sneak (level 1, -1/12 HPs)
             Began as a Gargoyle Enchanter on Aug 15, 2021.
             Slain by an endoplasm (2 damage)
             ... on level 1 of the Dungeon.
             The game lasted 00:00:16 (171 turns).

SnakkuSnakku7 the Sneak (Gargoyle Enchanter)         Turns: 171, Time: 00:00:17

Health: -1/12      AC:  4    Str: 11    XL:     1   Next: 70%
Magic:  3/3        EV: 11    Int: 15    God:
Gold:   8          SH:  0    Dex: 10    Spells: 3/4 levels left

rFire    . . .     SeeInvis .   c - +0 long sword
rCold    . . .     Faith    .   (no shield)
rNeg     + . .     Spirit   .   b - +0 robe
rPois    ∞         Reflect  .   (no helmet)
rElec    +         Harm     .   (no cloak)
rCorr    .         Rampage  .   (no gloves)
Will     .....                  (no boots)
Stlth    ++........             (no amulet)
HPRegen  0.04/turn              (no ring)
MPRegen  0.08/turn              (no ring)

@: no status effects
A: sickness immunity, AC +2, negative energy resistance 1, electricity
resistance, torment resistance 1, petrification resistance
a: no special abilities


You were on level 1 of the Dungeon.
You visited 1 branch of the dungeon, and saw 1 of its levels.

You collected 8 gold pieces.

Inventory:

Hand Weapons
 a - a +1 dagger
 c - a +0 long sword (weapon)
Armour
 b - a +0 robe (worn)
Potions
 d - a potion of curing {unknown}


   Skills:
 + Level 1.3 Fighting
 - Level 0.8 Short Blades
 - Level 1.5 Dodging
 - Level 3.2 Stealth
 - Level 2.0 Spellcasting
 - Level 2.6 Hexes


You had 3 spell levels left.
You knew the following spells:

 Your Spells              Type           Power      Damage    Failure   Level
a - Corona                Hex            10%        N/A       8%          1

Your spell library contained the following spells:

 Spells                   Type           Power      Damage    Failure   Level
 Ensorcelled Hibernation  Hex/Ice        10%        N/A       19%         2
 Confusing Touch          Hex            9%         N/A       22%         3
 Tukima's Dance           Hex            9%         N/A       22%         3
 Dazzling Flash           Conj/Hex       10%        N/A       36%         3


Dungeon Overview and Level Annotations

Branches:
Dungeon (1/15)

Altars:


Innate Abilities, Weirdness & Mutations

You are immune to sickness and miasma.
Your stone body is resilient. (AC +2)
You are immune to poison.
You resist negative energy. (rN+)
You are resistant to electric shocks. (rElec)
You are resistant to unholy torment.
You are immune to petrification.


Message History

The endoplasm barely misses you.
You hit the endoplasm.
You kill the endoplasm!
You start resting.
HP restored.
d - an inky potion You open the door.
An endoplasm comes into view.
An endoplasm is nearby!
An endoplasm is nearby!
Found a short sword.
There is an open door here.
A bat comes into view.
A hobgoblin comes into view.
The endoplasm quivers.
The endoplasm hits you.
Found a club.
The bat hits you but does no damage. The endoplasm freezes you.
You are frozen.
You barely miss the bat.
The hobgoblin shouts!
The bat hits you but does no damage.
An endoplasm comes into view.
The endoplasm hits you but does no damage.
You hit the endoplasm.
The endoplasm is heavily wounded.
The bat hits you but does no damage. The endoplasm freezes you.
You are frozen.
You barely miss the endoplasm.
The endoplasm is heavily wounded.
The bat hits you but does no damage. The endoplasm freezes you.
You are frozen.
The endoplasm freezes you.
You are frozen.
* * * LOW HITPOINT WARNING * * *
The bat hits you but does no damage. The endoplasm hits you.
You die...

.) ...# #.###..#
##).#..# #########
##..J...# #.......#
.....g..# #.......#
###.....###.......#
.......J..#.....#######
#....b.@.'............
#.######.#.....######
#.#.....# #.#.....#
..#.....#
..#.....#######.
.................
..#######.########
................


You could see 2 endoplasms, a hobgoblin and a bat.

Vanquished Creatures
  A bat (D:1)
  An endoplasm (D:1)
  A giant cockroach (D:1)
  A ball python (D:1)
4 creatures vanquished.

Notes
Turn   | Place    | Note
-------+----------+-------------------------------------------
     0 | D:1      | SnakkuSnakku7 the Gargoyle Enchanter began the quest for
                  | the Orb.
     0 | D:1      | Reached XP level 1. HP: 10/10 MP: 3/3
    39 | D:1      | Reached skill level 1 in Fighting
   171 | D:1      | Slain by an endoplasm

Illustrated notes

Levels and vault maps discovered:
D:1:      minmay_arrival_glassed_features, layout_basic, minmay_pentomino_r4

Skill      XL: |  1 |
---------------+----+-----
Fighting       | 1 |  1.3
Short Blades   | |  0.8
Dodging        | |  1.5
Stealth        | |  3.2
Spellcasting   | |  2.0
Hexes          | |  2.6

Action                   || total
-------------------------++-------
Melee: Long sword        ||    15
 Stab: Sleeping          ||     1
Armor: Robe              ||     9
Dodge: Dodged            ||    11
       Rpst.: Long sword ||     3
